 Dungeon Crawl Stone Soup version 0.30-a0-743-gbfdf073431 (webtiles) character file.

Game seed: 7702282800331993364

168 Chromium the Covered (level 5, -1/49 HPs)
             Began as an Armataur Fighter on Feb 8, 2023.
             Slain by an orc
             ... wielding a +0 mace
              (5 damage)
             ... on level 6 of the Dungeon.
             The game lasted 00:12:49 (3699 turns).

Chromium the Covered (Armataur Fighter)             Turns: 3699, Time: 00:12:50

Health: -1/49      AC:  9    Str: 24    XL:     5   Next: 23%
Magic:  14/14      EV:  7    Int:  8    God:
Gold:   192        SH:  0    Dex:  9    Spells: 4/4 levels left

rFire   . . .      SeeInvis .    a - +1 long sword
rCold   . . .      Faith    .    c - +0 buckler
rNeg    . . .      Spirit   .    b - +0 scale mail
rPois   .          Reflect  .    o - +1 helmet
rElec   .          Harm     .    (no cloak)
rCorr   .          Roll     +    (no gloves)
Will    .....                    (no barding) Stlth
                                 (no amulet)
HPRegen 0.28/turn                p - ring of magical power
MPRegen 0.14/turn                (no ring)

@: confused
A: large, rugged brown scales 3, deformed body, armoured tail, roll, long
tongue, awkward tongue
a: no special abilities


You were on level 6 of the Dungeon.
You visited 1 branch of the dungeon, and saw 5 of its levels.

You collected 192 gold pieces.

Inventory:

Hand Weapons
 a - a +1 long sword (weapon)
Missiles
 e - a throwing net (quivered)
Armour
 b - a +0 scale mail (worn)
 c - a +0 buckler (worn)
 o - a +1 helmet (worn)
Jewellery
 p - a ring of magical power (left hand)
Scrolls
 f - 3 scrolls of teleportation
 h - a scroll of vulnerability {unknown}
Potions
 d - a potion of might
 g - 2 potions of curing
 i - 2 potions of heal wounds {unknown}
 l - a potion of degeneration {unknown}
 m - a potion of invisibility {unknown}


   Skills:
 + Level 3.7 Fighting
 - Level 1.7 Long Blades
 + Level 5.3 Armour
 - Level 0.2 Dodging
 + Level 4.4 Shields


You had 4 spell levels left.
You didn't know any spells.
Your spell library contained the following spells:

 Spells                   Type           Power      Damage    Failure   Level
 Cigotuvi's Dreadful Rot  Necr/Pois/Air  0%         N/A       88%         2
 Lesser Beckoning         Tloc           0%         N/A       88%         2
 Momentum Strike          Conj/Tloc      0%         3d8       88%         2
 Poisonous Vapours        Pois/Air       0%         N/A       88%         2
 Static Discharge         Conj/Air       0%         2-2/arc   88%         2
 Hailstorm                Conj/Ice       0%         3d3       98%         3
 Mephitic Cloud           Conj/Pois/Air  0%         N/A       98%         3
 Portal Projectile        Hex/Tloc       0%         N/A       98%         3
 Vhi's Electric Charge    Tloc/Air       0%         N/A       98%         3
 Ice Form                 Ice/Tmut       0%         N/A       100%        4
 Arcjolt                  Conj/Air       0%         1d10      100%        5
 Lightning Bolt           Conj/Air       0%         1d11      100%        5
 Simulacrum               Ice/Necr       0%         N/A       100%        6
 Lehudib's Crystal Spear  Conj/Erth      0%         10d2      100%        8


Dungeon Overview and Level Annotations

Branches:
Dungeon (6/15)
 Temple: D:4-7

Altars:

Annotations:
D:6 Blork the orc, Menkaure, Sigmund


Innate Abilities, Weirdness & Mutations

You are completely covered in rugged brown scales. (AC +3, +7% HP)
Armour fits poorly on your strangely shaped body.
You have a long armoured tail.
You roll when moving toward enemies. (Rampage)
Your long tongue fully drains potion bottles. (2x potion effects)
Your tongue gives you trouble enunciating. (1.5x scroll delay)


Message History

The jelly is moderately wounded.
The jelly hits you but does no damage.
You hit the jelly.
Your hands burn!
You tail-slap the jelly.
The jelly is severely wounded.
The jelly barely misses you. You block the jelly's attack.
You hit the jelly.
Your hands burn!
You tail-slap the jelly.
You kill the jelly!
h - a scroll labelled GIRUSM BAGURI
Found 20 gold pieces.
An orc comes into view. It is wielding a +0 mace.
Sigmund the Dreaded comes into view.
He is wielding a +0 scythe.
Sigmund shouts!
Menkaure, Prince of Dust comes into view.
Menkaure shouts!
Sigmund points at you and mumbles some strange words.
You are confused.
Menkaure calls on the powers of darkness!
Sigmund convulses!
Your body is wracked with pain!
Blork the orc and an orc come into view.
Blork the orc shouts!
The orc shouts!
An orc priest comes into view.
It is wielding a +0 hand axe and wearing a +2 ring mail of willpower.
Blork the orc looks satisfied for a moment.
An orc comes into view. It is wielding a +0 hand axe.
The orc priest shouts!
The orc shouts!
An orc priest comes into view. It is wielding a +0 whip.
The orc closely misses you. Blork the orc casts a spell at you.
The magic dart hits you!
* * * LOW HITPOINT WARNING * * *
The orc attacks as you move away! The orc hits you with a +0 mace.
* * * LOW HITPOINT WARNING * * *
Sigmund says, "You will soon forget everything."
Menkaure points at you and mumbles some strange words.
Pain shoots through your body!
* * * LOW HITPOINT WARNING * * *
Sigmund hits you but does no damage. The orc barely misses you.
Unknown command.
Unknown command.
The orc hits you with a +0 mace.
You die...

...... .....
....# .. #...#
... #...###.#
...#####o.......
...M.......# .#
.....@.@oo.# ..
...#.....#.#.###
##.......o.o.
##....#####o
##....## ##....#
#....## ##....##
## #...#....#
....


You could see Blork the orc, Sigmund, Menkaure and 2 orcs.

Vanquished Creatures
  A jelly (D:6)
  A hound (D:3)
  4 adders
  2 worms
  4 dart slugs
  4 ball pythons
  4 endoplasms
  5 giant cockroaches
  3 goblins
  7 hobgoblins
  4 jackals
  3 kobolds
  2 quokkas (D:1)
  6 bats
  2 frilled lizards (D:2)
  3 rats
55 creatures vanquished.

Notes
Turn   | Place    | Note
-------+----------+-------------------------------------------
     0 | D:1      | Chromium the Armataur Fighter began the quest for the Orb.
     0 | D:1      | Reached XP level 1. HP: 19/19 MP: 1/1
   298 | D:1      | Reached XP level 2. HP: 23/26 MP: 2/2
   461 | D:1      | Reached skill level 4 in Armour
   920 | D:2      | Reached XP level 3. HP: 25/33 MP: 3/3
  1152 | D:1      | You fall into a shaft and drop 1 floor!
  1436 | D:2      | Reached XP level 4. HP: 38/40 MP: 4/4
  1450 | D:2      | Got Wuzopoon's Compilation of Heavy Correspondence
  1867 | D:3      | Reached skill level 5 in Armour
  2535 | D:3      | Identified a scroll of acquirement
  2535 | D:3      | Acquired the +11 double sword of Vyt Esy {heavy, rC++ rN+
                  | Will+}
  3611 | D:4      | Reached XP level 5. HP: 48/48 MP: 5/5
  3622 | D:4      | You fall into a shaft and drop 2 floors!
  3692 | D:6      | Noticed Sigmund
  3692 | D:6      | Noticed Menkaure
  3694 | D:6      | Noticed Blork the orc
  3699 | D:6      | Slain by an orc

Illustrated notes

Levels and vault maps discovered:
D:1:      saegor_arrival_simple_b, layout_loops_ring, kennysheep_minor_cross
D:2:      layout_basic
D:3:      layout_basic
D:4:      layout_basic, mainiacjoe_overflow_small_starburst,
          general_overflow_altar, gup_sewer_entry_spiral, uniq_robin
D:6:      minmay_chambers_of_fours, layout_cave_pods,
          corexii_item_surrounded_by_moat, minmay_misc_feat_roman, uniq_sigmund,
          uniq_blork_the_orc, uniq_menkaure

Skill      XL: |  1  2  3  4 |
---------------+-------------+-----
Fighting       | 3 |  3.7
Armour         | 4 5 |  5.3
Shields        | 4 |  4.4
Long Blades    | |  1.7
Dodging        | |  0.2

Action                     |  1- 3 |  4- 6 || total
---------------------------+-------+-------++-------
  Melee: Long sword        |   103 |    77 ||   180
         Tailslap          |    14 |    10 ||    24
    Use: Scroll            |       |     6 ||     6
 Armour: Scale mail        |    66 |    60 ||   126
  Dodge: Dodged            |    55 |    34 ||    89
  Block: Buckler           |    27 |    14 ||    41

Table legend: (Time is in decaauts)
 A = Elapsed time spent in this place.
 B = Non-inter-level travel time spent in this place.
 C = Inter-level travel time spent in this place.
 D = Time resting spent in this place.
 E = Time spent auto-exploring this place.
 F = Levels seen in this place.
 G = Mean time per level.
                   A        B        C        D        E       F      G
               +--------+--------+--------+--------+--------+-----+--------+
         Total |   3766 |   3447 |    319 |      0 |   1394 |   5 |  753.2 |
       Dungeon |   3766 |   3447 |    319 |      0 |   1394 |   5 |  753.2 |
               +--------+--------+--------+--------+--------+-----+--------+

Top non-repeatable levels by time:
     D:3: 1906 daAuts
     D:1: 891 daAuts
     D:2: 848 daAuts
     D:6: 78 daAuts
     D:4: 41 daAuts
